 Dungeon Crawl Stone Soup version 0.28-a0-724-g66f9036eb4 (webtiles) character file.

Game seed: 13880846471041237740

549 meatgazer the Skirmisher (level 7, -4/59 HPs)
             Began as a Demonspawn Abyssal Knight on Oct 26, 2021.
             Was a Follower of Lugonu.
             Slain by an ancient zyme (6 damage)
             ... on level 1 of the Abyss.
             The game lasted 00:00:45 (240 turns).

meatgazer the Skirmisher (Demonspawn Abyssal Knight) Turns: 240, Time: 00:00:46

Health: -4/59      AC:  5    Str: 15    XL:     7   Next: 7%
Magic:  10/10      EV: 11    Int: 11    God:    Lugonu [*.....]
Gold:   32         SH:  0    Dex: 14    Spells: 6/6 levels left

rFire   . . .      SeeInvis .   a - +1 falchion
rCold   . . .      Faith    .   (no shield)
rNeg    . . .      Spirit   .   b - +0 leather armour
rPois   .          Reflect  .   (no helmet)
rElec   .          Harm     .   (no cloak)
rCorr   .          Rampage  .   (no gloves)
Will    .....                   (no boots)
Stlth   +.........              (no amulet)
HPRegen 0.00/turn               (no ring)
MPRegen 0.12/turn               (no ring)

@: sick
A: slimy green scales 1, ignite blood 1, powered by pain 1, demonic touch 1
a: Renounce Religion, Depart the Abyss


You were on level 1 of the Abyss.
You worshipped Lugonu.
Lugonu was aware of your devotion.
You visited 0 branches of the dungeon, and saw 0 of its levels.
You visited the Abyss 1 time.

You collected 32 gold pieces.

Inventory:

Hand Weapons
 a - a +1 falchion (weapon)
Armour
 b - a +0 leather armour (worn)


   Skills:
 + Level 6.5 Fighting
 + Level 3.0 Long Blades
 - Level 3.0 Armour
 - Level 1.1 Dodging
 + Level 4.0 Invocations


You had 6 spell levels left.
You didn't know any spells.
Your spell library was empty.

Dungeon Overview and Level Annotations

Branches:
Dungeon (0/15)

Altars:


Innate Abilities, Weirdness & Mutations

You are partially covered in slimy green scales. (AC +2)
Your demonic aura sometimes causes spilled blood to erupt in flames.
You sometimes gain a little power by taking damage.
Your touch may inflict minor irresistible damage on your foes.


Message History

You open the door.
A white imp comes into view.
You feel yourself growing ill in the presence of the ancient zyme.
There is an open door here.
You barely miss the ancient zyme. The ancient zyme barely misses you.
The ancient zyme hits you but does no damage.
You feel ill.
You hit the ancient zyme but do no damage.
You touch the ancient zyme.
The ancient zyme is lightly damaged.
The ancient zyme hits you but does no damage. x2
You feel ill.
You hit the ancient zyme but do no damage.
The ancient zyme is lightly damaged.
The ancient zyme hits you! The ancient zyme closely misses you.
You hit the ancient zyme.
The ancient zyme is lightly damaged.
The ancient zyme closely misses you. The ancient zyme hits you.
You hit the ancient zyme.
You touch the ancient zyme.
The ancient zyme is moderately damaged.
The ancient zyme closely misses you. The ancient zyme hits you!
You hit the ancient zyme. Your touch misses the ancient zyme.
The ancient zyme is moderately damaged.
The ancient zyme misses you.
The ancient zyme hits you but does no damage.
You completely miss the ancient zyme.
The ancient zyme is moderately damaged.
The ancient zyme hits you! The ancient zyme hits you.
You hit the ancient zyme.
The ancient zyme is heavily damaged.
The ancient zyme hits you. The ancient zyme hits you!
* * * LOW HITPOINT WARNING * * *
The ancient zyme hits you!
* * * LOW HITPOINT WARNING * * *
The ancient zyme closely misses you.
You feel ill.
You aren't carrying any potions.
You barely miss the ancient zyme.
The ancient zyme is heavily damaged.
The ancient zyme hits you.
You die...

....... ##
...... .. . ...
###.
#......#..## #
..... .#...#.#
..... .#.....##
.#.....#@##
ยง.##
.......x##.
.#.## #......#.#
.#...# #......#
....# # .......#
.. ..#
......##...#...#
#...... .## ..#
#..... ' # ...#
......#..# ..
#..


You could see an ancient zyme.

Vanquished Creatures
  A large abomination (Abyss:1)
1 creature vanquished.

Notes
Turn   | Place    | Note
-------+----------+-------------------------------------------
     0 | Abyss:1  | meatgazer the Demonspawn Abyssal Knight began the quest for
                  | the Orb.
     0 | Abyss:1  | Reached XP level 1. HP: 18/18 MP: 2/2
    65 | Abyss:1  | Found a corrupted altar of Lugonu.
    84 | Abyss:1  | Noticed a large abomination
    91 | Abyss:1  | Killed a large abomination
    92 | Abyss:1  | Reached skill level 6 in Fighting
    92 | Abyss:1  | Reached skill level 1 in Dodging
    92 | Abyss:1  | Gained mutation: Your demonic aura sometimes causes spilled
                  | blood to erupt in flames. [demonic ancestry]
    92 | Abyss:1  | Reached XP level 2. HP: 16/29 MP: 3/5
    92 | Abyss:1  | Reached XP level 3. HP: 20/35 MP: 3/6
    92 | Abyss:1  | Gained mutation: You sometimes gain a little power by
                  | taking damage. [demonic ancestry]
    92 | Abyss:1  | Reached XP level 4. HP: 23/41 MP: 3/7
    92 | Abyss:1  | Gained mutation: You are partially covered in slimy green
                  | scales. (AC +2) [demonic ancestry]
    92 | Abyss:1  | Reached XP level 5. HP: 27/47 MP: 3/8
    92 | Abyss:1  | Reached XP level 6. HP: 30/53 MP: 3/9
    92 | Abyss:1  | Gained mutation: Your touch may inflict minor irresistible
                  | damage on your foes. [demonic ancestry]
    92 | Abyss:1  | Reached XP level 7. HP: 34/59 MP: 3/10
   226 | Abyss:1  | Noticed an ancient zyme
   239 | Abyss:1  | HP: 2/59 [ancient zyme (9)]
   240 | Abyss:1  | Slain by an ancient zyme

Illustrated notes

Levels and vault maps discovered:
Abyss:1:  base: Temple, base:
Temple

Skill      XL: |  1 |
---------------+----+-----
Fighting       | 6 |  6.5
Long Blades    | 3 |  3.0
Armour         | 3 |  3.0
Dodging        | 1 |  1.1
Invocations    | 4 |  4.0

Action                   |  1- 3 |  4- 6 |  7- 9 || total
-------------------------+-------+-------+-------++-------
Melee: Falchion          |     1 |       |     9 ||    10
       Touch             |       |       |     2 ||     2
  Use: Scroll            |     2 |       |       ||     2
Armor: Leather armour    |       |       |     4 ||     4
Dodge: Dodged            |     1 |       |     6 ||     7

Table legend: (Time is in decaauts)
 A = Elapsed time spent in this place.
 B = Non-inter-level travel time spent in this place.
 C = Inter-level travel time spent in this place.
 D = Time resting spent in this place.
 E = Time spent auto-exploring this place.
 F = Levels seen in this place.
 G = Mean time per level.
                   A        B        C        D        E       F      G
               +--------+--------+--------+--------+--------+-----+--------+
         Total |    241 |    241 |      0 |    129 |     85 |   1 |  241.0 |
         Abyss |    241 |    241 |      0 |    129 |     85 |   1 |  241.0 |
               +--------+--------+--------+--------+--------+-----+--------+

Top non-repeatable levels by time:
 Abyss:1: 241 daAuts
